 Dungeon Crawl Stone Soup version 0.21.1-1-g345015f (webtiles) character file.

105 JeffiDaFish the Digger (level 4, -1/24 HPs)
             Began as a Gargoyle Earth Elementalist on Feb 16, 2018.
             Killed from afar by Umoon's ghost (8 damage)
             ... with a magic dart
             ... on level 3 of the Dungeon.
             The game lasted 00:07:59 (2134 turns).

JeffiDaFish the Digger (GrEE)                       Turns: 2134, Time: 00:08:00

Health: -1/24      AC:  6    Str: 12    XL:     4   Next: 81%
Magic:  1/8        EV: 12    Int: 16    God:
Gold:   124        SH:  0    Dex: 10    Spells: 5/9 levels left

rFire    . . .     SeeInvis .   a - +0 short sword
rCold    . . .     Gourm    .   (no shield)
rNeg     + . .     Faith    .   c - +0 robe
rPois    ∞         Spirit   .   (no helmet)
rElec    +         Reflect  .   h - +0 cloak
rCorr    .         Harm     .   (no gloves)
MR       .....                  (no boots)
Stlth    ++........             (no amulet)
HPRegen  0.08/turn              (no ring)
MPRegen  0.11/turn              (no ring)

@: no status effects
A: negative energy resistance 1, electricity resistance, unbreathing,
petrification resistance, rot immunity, AC +3
a: no special abilities


You were on level 3 of the Dungeon.
You were not hungry.

You visited 1 branch of the dungeon, and saw 3 of its levels.

You collected 124 gold pieces.

Inventory:

Hand Weapons
 a - a +0 short sword (weapon)
 g - a +2 mace of crushing
Missiles
 b - 43 stones (quivered)
Armour
 c - a +0 robe (worn)
 h - a +0 cloak (worn)
Books
 e - a book of Geomancy

   Spells                             Type                      Level
   a - Sandblast                      Earth                        1
   b - Passwall                       Transmutation/Earth          2
   c - Stone Arrow                    Conjuration/Earth            3
   d - Petrify                        Transmutation/Earth          4
   e - Lee's Rapid Deconstruction     Earth                        5
Comestibles
 d - 4 rations
 f - 10 chunks of flesh


   Skills:
 - Level 1.7 Dodging
 - Level 2.3 Stealth
 + Level 3.3 Spellcasting
   Level 0.7 Transmutations
 + Level 5.2 Earth Magic


You had 5 spell levels left.
You knew the following spells:

 Your Spells              Type           Power        Failure   Level  Hunger
a - Sandblast             Erth           ###...       1%          1    None
b - Stone Arrow           Conj/Erth      ##....       19%         3    ###....


Dungeon Overview and Level Annotations

Branches:
Dungeon (3/15)

Altars:

Annotations:
D:1 glass
D:3 Umoon's ghost, amateur OgCj


Innate Abilities, Weirdness & Mutations

You are resistant to torment.
Your stone body is resilient. (AC +3)
You are immune to poison.
You resist negative energy. (rN+)
You are resistant to electric shocks. (rElec)
You can survive without breathing.
You are immune to petrification.
You are immune to rotting.


Message History

Casting: Sandblast
Confirm with . or Enter, or press ? or * to list all spells.
Aiming: Stone Arrow
Press: ? - help, Shift-Dir - straight line, f - Umoon's ghost
Aim: Umoon's ghost, wielding a weapon of speed The stone arrow hits Umoon's ghost.
Umoon's ghost is moderately damaged.
Umoon's ghost shouts, "They lied to you.
The Dungeon just goes down and down forever."
Umoon's ghost points at you and mumbles some strange words.
The magic dart hits you!
Casting: Stone Arrow
Confirm with . or Enter, or press ? or * to list all spells.
You don't have enough magic to cast that spell.
You aren't carrying any potions.
Umoon's ghost points at you and mumbles some strange words.
The magic dart hits you!
* * * LOW HITPOINT WARNING * * *
Umoon's ghost gestures at you while chanting.
The magic dart hits you!
You die...

#.###...### .. ##
#.##......# ..#
#..#......# ###
##........# #.##
##.......###..#
##......##...##
##......##.#..#
##.....#.....#.##
##..#.#.##....#.@#
#..##.#.##.##..#.########
#.###.#.##.###.#..†......
#.# #...#..# #...........
..# ##...## ##.[........
.## #..## #......>... ##
#..# ##..W...... # #..#
#..$...... #..##
#.........


You could see Umoon's ghost.

Vanquished Creatures
  A gnoll (D:1)
  2 adders (D:3)
  An ooze (D:2)
  2 worms (D:2)
  2 dart slugs
  3 leopard geckos (D:2)
  A ball python (D:3)
  2 bats (D:1)
  3 giant cockroaches
  4 goblins
  13 hobgoblins
  4 jackals (D:2)
  2 quokkas
  3 frilled lizards
  9 kobolds
  4 rats
56 creatures vanquished.

Notes
Turn   | Place    | Note
-------+----------+-------------------------------------------
     0 | D:1      | JeffiDaFish the Gargoyle Earth Elementalist began the quest for the Orb.
     0 | D:1      | Reached XP level 1. HP: 10/10 MP: 3/3
    96 | D:1      | Reached skill level 4 in Earth Magic
    96 | D:1      | Reached XP level 2. HP: 12/15 MP: 3/5
   314 | D:1      | Reached XP level 3. HP: 12/19 MP: 6/6
  1515 | D:2      | Reached XP level 4. HP: 20/24 MP: 2/8
  1943 | D:2      | Learned a level 3 spell: Stone Arrow
  2022 | D:3      | Reached skill level 5 in Earth Magic
  2126 | D:3      | Noticed Umoon's ghost (amateur OgCj)
  2134 | D:3      | Killed from afar by Umoon's ghost

Skill      XL: |  1  2  3  4 |
---------------+-------------+-----
Earth Magic    | 4 5 |  5.2
Spellcasting   | 3 |  3.3
Dodging        | |  1.7
Stealth        | |  2.3
Transmutations | |  0.7

Action                   |  1- 3 |  4- 6 || total
-------------------------+-------+-------++-------
Melee: Short sword       |    68 |    51 ||   119
 Cast: Sandblast         |    32 |    21 ||    53
       Stone Arrow       |       |     2 ||     2
  Use: Potion            |     1 |     2 ||     3
       Scroll            |     5 |     1 ||     6
 Stab: Sleeping          |       |     1 ||     1
  Eat: Chunk             |     2 |     2 ||     4
Armor: Robe              |    24 |     7 ||    31
Dodge: Dodged            |    60 |    44 ||   104
